 Dungeon Crawl Stone Soup version 0.30.0-11-gf55b779eaf (webtiles) character file.

Game seed: 17024289159404639166

314 Chodeload the Trooper (level 5, -1/47 HPs)
             Began as a Demigod Wanderer on May 17, 2023.
             Slain by an orc priest
             ... wielding a +0 club
              (3 damage)
             ... on level 4 of the Dungeon.
             The game lasted 00:10:30 (3283 turns).

Chodeload the Trooper (Demigod Wanderer)            Turns: 3283, Time: 00:10:31

Health: -1/47      AC:  8    Str: 16    XL:     5   Next: 98%
Magic:  7/7        EV: 15    Int: 13    God:
Gold:   93         SH:  0    Dex: 15    Spells: 4/4 levels left

rFire   . . .        a - +2 dagger (elec)
rCold   . . .        (no shield)
rNeg    + . .        y - +0 scale mail
rPois   .            s - +0 helmet
rElec   .            (no cloak)
rCorr   .            p - +0 pair of gloves
SInv    .            (no boots)
Will    .....        (no amulet)
Stlth   +            t - ring of positive energy
HPRegen 0.27/turn    w - +5 ring of evasion
MPRegen 0.10/turn

%: no passive effects
@: no status effects
A: high MP 1, forlorn, divine attributes
a: no special abilities


You were on level 4 of the Dungeon.
You visited 1 branch of the dungeon, and saw 4 of its levels.
You also visited: Sewer.

You collected 126 gold pieces.
You spent 33 gold pieces at shops.

Inventory:

Hand Weapons
 a - a +2 dagger of electrocution (weapon)
 b - a +0 sling
 c - a +2 hand axe
Missiles
 j - a curare-tipped dart
 D - 5 poisoned darts (quivered)
Armour
 p - a +0 pair of gloves (worn)
 s - a +0 helmet (worn)
 y - a +0 scale mail (worn)
Jewellery
 t - a ring of positive energy (left hand)
 w - a +5 ring of evasion (right hand)
Scrolls
 e - a scroll of noise {unknown}
 g - 2 scrolls of fear {unknown}
 k - 5 scrolls of enchant weapon {unknown}
 n - 2 scrolls of immolation {unknown}
 q - a scroll of vulnerability {unknown}
 r - 4 scrolls of teleportation
 u - a scroll of amnesia {unknown}
 v - a scroll of magic mapping {unknown}
 x - 2 scrolls of blinking {unknown}
 A - a scroll of butterflies {unknown}
 B - 3 scrolls of fog {unknown}
 C - a scroll of enchant armour {unknown}
Potions
 d - a potion of brilliance
 f - 2 potions of attraction
 h - a potion of mutation {unknown}
 i - 3 potions of might
 l - 3 potions of magic
 m - 3 potions of curing
 o - 3 potions of heal wounds
 z - a potion of flight {unknown}


   Skills:
 + Level 4.9 Fighting
 - Level 3.4 Axes
 + Level 1.3 Armour
 + Level 2.0 Dodging
 - Level 1.7 Stealth
 - Level 1.7 Unarmed Combat


You had 4 spell levels left.
You didn't know any spells.
Your spell library contained the following spells:

 Spells                   Type           Power      Damage    Failure   Level
 Kiss of Death            Conj/Necr      0%         2d5       75%         1
 Sting                    Tmut/Pois      0%         1d3       75%         1
 Ensorcelled Hibernation  Hex/Ice        0%         N/A       86%         2
 Lesser Beckoning         Tloc           0%         N/A       86%         2
 Poisonous Vapours        Pois/Air       0%         N/A       86%         2
 Confusing Touch          Hex            0%         N/A       98%         3
 Gell's Gravitas          Tloc           0%         N/A       98%         3
 Spider Form              Tmut/Pois      0%         N/A       98%         3
 Teleport Other           Tloc           0%         N/A       98%         3
 Anguish                  Hex/Necr       0%         N/A       100%        4
 Dispel Undead            Necr           0%         3d6       100%        4
 Olgreb's Toxic Radiance  Pois           0%         N/A       100%        4


Dungeon Overview and Level Annotations

Branches:
Dungeon (4/15)              Sewer (visited)
 Temple: D:4-7

Shops:
D:1 [*


Innate Abilities, Weirdness & Mutations

You have an increased reservoir of magic. (+10% MP)
You shall have no god before yourself.
Your divine heritage dramatically boosts your attributes as you level up.


Message History

Your Dodging skill increases to level 2!
You hit the orc. Lightning courses through the orc!
You kill the orc!
You closely miss the orc. The orc hits you but does no damage.
You hit the orc. You punch the orc.
You kill the orc!
You closely miss the orc priest.
The orc priest is moderately wounded.
The orc priest misses you.
You hit the orc priest.
The orc priest is moderately wounded.
The orc priest invokes the aid of Beogh against you.
Beogh smites you!
* * * LOW HITPOINT WARNING * * *
You barely miss the orc priest.
The orc priest is moderately wounded.
The orc priest hits you but does no damage.
You barely miss the orc priest.
The orc priest is moderately wounded.
The orc priest misses you.
You hit the orc priest.
The orc priest is heavily wounded.
The orc priest closely misses you.
You closely miss the orc priest.
The orc priest is heavily wounded.
The orc priest misses you.
You hit the orc priest but do no damage.
The orc priest is heavily wounded.
The orc priest hits you with a +0 club.
* * * LOW HITPOINT WARNING * * *
You hit the orc priest.
The orc priest is severely wounded.
The orc priest misses you.
You barely miss the orc priest.
The orc priest is severely wounded.
The orc priest barely misses you.
You barely miss the orc priest.
The orc priest is severely wounded.
The orc priest hits you with a +0 club.
You die...

.. ..#########
$#.#.#.........#.#
.....#.#######<#.#
+.#............#.# .
#....#####.....#.#.#
...........##..#...#
##.............#
#...........#o#
##+#+#.........#@#
[..............#.#
...............#.##############
......>........#..............#
...............#######........#
##+#+#.........# #........#
#.........# #........#
#.#####'#.# #........# #. #.#.#
#........#


You could see an orc priest.

Vanquished Creatures
  A kobold brigand (Sewer)
  A sleepcap (D:4)
  An orc wizard (D:4)
  3 gnolls (D:3)
  4 adders
  2 river rats (Sewer)
  2 worms
  2 dart slugs
  3 orcs (D:4)
  12 endoplasms
  4 giant cockroaches
  6 goblins
  6 hobgoblins
  7 jackals
  8 kobolds
  4 quokkas
  9 ball pythons
  4 bats
  3 frilled lizards
  12 rats
94 creatures vanquished.

Notes
Turn   | Place    | Note
-------+----------+-------------------------------------------
     0 | D:1      | Chodeload the Demigod Wanderer began the quest for the Orb.
     0 | D:1      | Chodeload set off with the following items: a +2 hand axe,
                  | a potion of curing, a +0 pair of gloves, a potion of
                  | brilliance, a +0 robe.
     0 | D:1      | Reached XP level 1. HP: 14/14 MP: 3/3
   104 | D:1      | Found Myuzxueth's Antique Armour Boutique.
   176 | D:1      | Reached skill level 1 in Fighting
   192 | D:1      | Reached XP level 2. HP: 19/23 MP: 4/4
   447 | D:1      | Found Minol's General Store.
   730 | D:1      | Reached XP level 3. HP: 29/29 MP: 5/5
  1287 | D:2      | Reached skill level 2 in Fighting
  1968 | D:1      | Bought a scroll of teleportation for 33 gold pieces
  2247 | D:3      | Found a glowing drain.
  2250 | D:3      | Reached XP level 4. HP: 37/37 MP: 6/6
  2279 | Sewer    | Entered a sewer
  2285 | Sewer    | Reached skill level 3 in Fighting
  2330 | Sewer    | Noticed a kobold brigand
  2342 | Sewer    | Killed a kobold brigand
  2343 | Sewer    | Reached skill level 4 in Fighting
  2343 | Sewer    | Reached XP level 5. HP: 38/46 MP: 7/7
  2693 | D:3      | Identified the +0 leather armour of the Grue {Dex+2}
  3275 | D:4      | HP: 2/47 [orc priest/divine providence (14)]
  3280 | D:4      | HP: 1/47 [orc priest/+0 club (2)]
  3283 | D:4      | Slain by an orc priest

Illustrated notes

Levels and vault maps discovered:
D:1:      dpeg_arrival_triangle_fractal, layout_basic, serial_shops, shop, shop
D:2:      layout_basic
D:3:      layout_basic, bloody_makhleb, portal_sewer_entry_a
D:4:      layout_basic, grunt_temple_overflow_open,
          minmay_temple_entry_sparse_star, uniq_ijyb

Skill      XL: |  1  2  3  4  5 |
---------------+----------------+-----
Axes           | 3 |  3.4
Fighting       | 1 2 4 |  4.9
Dodging        | 2 |  2.0
Armour         | |  1.3
Stealth        | |  1.7
Unarmed Combat | |  1.7

Action                     |  1- 3 |  4- 6 || total
---------------------------+-------+-------++-------
  Melee: Hand axe          |    38 |       ||    38
         Punch             |     1 |     2 ||     3
         Dagger            |    70 |   144 ||   214
   Fire: Sling             |    37 |       ||    37
    Use: Scroll            |     3 |     1 ||     4
   Stab: Sleeping          |     7 |       ||     7
 Armour: Robe              |     7 |       ||     7
         Ring mail         |    38 |       ||    38
         Scale mail        |       |    30 ||    30
  Dodge: Dodged            |    74 |    78 ||   152
